 Dungeon Crawl Stone Soup version 0.30-a0-305-g026cb31310 (webtiles) character file.

Game seed: 7067627492505587227

2354 pokeman the Thaumaturge (level 9, 0/50 HPs)
             Began as a Deep Elf Hedge Wizard on Oct 23, 2022.
             Was a Follower of Vehumet.
             Succumbed to a wight's poison
             ... on level 7 of the Dungeon.
             The game lasted 00:17:10 (7198 turns).

pokeman the Thaumaturge (Deep Elf Hedge Wizard)     Turns: 7198, Time: 00:17:11

Health: 0/50       AC:  4    Str:  7    XL:     9   Next: 20%
Magic:  18/35      EV: 13    Int: 24    God:    Vehumet [*.....]
Gold:   236        SH:  0    Dex: 18    Spells: 19/30 levels left

rFire   . . .      SeeInvis .    p - staff of conjuration
rCold   . . .      Faith    .    (no shield)
rNeg    . . .      Spirit   .    s - +1 robe of Fortitude {Dex+4}
rPois   .          Reflect  .    c - +0 hat
rElec   .          Harm     .    u - +0 cloak
rCorr   .          Rampage  .    (no gloves)
Will    .....                    (no boots)
Stlth   ++........               (no amulet)
HPRegen 0.28/turn                i - ring of magical power
MPRegen 0.24/turn                (no ring)

@: lethally poisoned (0 -> -6), very slightly contaminated
A: no striking features
a: Renounce Religion


You were on level 7 of the Dungeon.
You worshipped Vehumet.
Vehumet was aware of your devotion.
You visited 2 branches of the dungeon, and saw 8 of its levels.

You collected 346 gold pieces.
You spent 110 gold pieces at shops.

Inventory:

Hand Weapons
 y - a +1 dagger of venom
Armour
 c - a +0 hat (worn)
 s - the +1 robe of Fortitude (worn) {Dex+4}
   (You found it on level 3 of the Dungeon)

   Dex:       It affects your dexterity (+4).
 u - a +0 cloak (worn)
 B - a +0 buckler
 D - a +2 robe of positive energy
Magical Staves
 j - a staff of air
 p - a staff of conjuration (weapon)
Jewellery
 i - a ring of magical power (left hand)
 z - an amulet of guardian spirit
 C - an amulet of faith
Wands
 t - a wand of flame (39)
 v - a wand of charming (10)
 E - a wand of iceblast (10)
Scrolls
 a - 2 scrolls of identify {unknown}
 b - 2 scrolls of poison {unknown}
 f - 2 scrolls of enchant armour {unknown}
 h - 2 scrolls of vulnerability {unknown}
 l - 2 scrolls of enchant weapon {unknown}
 n - 2 scrolls of teleportation
 q - a scroll of fear {unknown}
 x - a scroll of butterflies {unknown}
 A - a scroll of magic mapping {unknown}
Potions
 d - a potion of magic
 e - 6 potions of curing
 g - 2 potions of haste {unknown}
 k - a potion of invisibility {unknown}
 m - 2 potions of ambrosia {unknown}
 o - 2 potions of flight {unknown}
 r - a potion of cancellation {unknown}
 w - 2 potions of resistance {unknown}


   Skills:
 - Level 3.0 Fighting
 - Level 2.1 Armour
 - Level 3.0 Dodging
 - Level 3.0 Stealth
 + Level 1.0 Shields
 * Level 11.1 Spellcasting
 + Level 6.0 Conjurations
 - Level 1.1 Summonings
 + Level 5.5 Necromancy
 - Level 1.1 Translocations
 - Level 1.2 Air Magic
 - Level 1.0 Poison Magic
 - Level 1.2 Evocations


You had 19 spell levels left.
You knew the following spells:

 Your Spells              Type           Power      Damage    Failure   Level
a - Magic Dart            Conj           100%       1d8       1%          1
b - Mephitic Cloud        Conj/Pois/Air  40%        N/A       4%          3
c - Call Imp              Summ           18%        N/A       4%          2
d - Blink                 Tloc           36%        N/A       4%          2
e - Vampiric Draining     Necr           40%        2d8       1%          3

Your spell library contained the following spells:

 Spells                   Type           Power      Damage    Failure   Level
 Kiss of Death            Conj/Necr      100%       2d13      1%          1
 Cigotuvi's Dreadful Rot  Necr/Pois/Air  50%        N/A       2%          2
 Slow                     Hex            52%        N/A       4%          1
 Ensorcelled Hibernation  Hex/Ice        26%        N/A       7%          2
 Gell's Gravitas          Tloc           18%        N/A       9%          3
 Lesser Beckoning         Tloc           36%        N/A       9%          3
 Teleport Other           Tloc           18%        N/A       9%          3
 Portal Projectile        Hex/Tloc       32%        N/A       11%         3
 Spider Form              Tmut/Pois      15%        N/A       12%         3
 Confusing Touch          Hex            13%        N/A       14%         3
 Tukima's Dance           Hex            13%        N/A       14%         3
 Anguish                  Hex/Necr       13%        N/A       16%         4
 Blade Hands              Tmut           6%         N/A       78%         5


Dungeon Overview and Level Annotations

Branches:
Dungeon (7/15)             Temple (1/1) D:5

Altars:
Kikubaaqudgha
Vehumet
The Shining One

Shops:
D:3 *   D:6 ?


Message History

You feel a bit more experienced.
The bullfrog snags a nearby millipede with its tongue.
Your Shields skill increases to level 1!
Casting: Blink (safe; 4% risk of failure)
Confirm with . or Enter, or press ? or * to list all spells.
Aiming: Mephitic Cloud (dangerous; 4% risk of failure)
Press: ? - help, Shift-Dir - straight line, f - bullfrog
Aim: a bullfrog (chance to affect: 81%)
You feel a surge of power!
The ball explodes into a vile cloud!
The stinking cloud engulfs the bullfrog but does no damage.
The stinking cloud engulfs the ice beast but does no damage.
The ice beast is moderately wounded.
You feel stable enough to blink again.
You hear a shout!
The bullfrog is engulfed in noxious fumes.
The bullfrog appears confused.
The killer bee barely misses the wight.
Unknown command.
Unknown command.
The bullfrog is engulfed in noxious fumes.
The bullfrog appears confused.
The killer bee is engulfed in noxious fumes.
The killer bee appears confused.
The killer bee is engulfed in noxious fumes.
The killer bee appears confused.
The wight hits you with a +1 scimitar of venom.
You are poisoned.
The ice beast attacks as you move away! The ice beast hits you.
The ice beast freezes you!
* * * LOW HITPOINT WARNING * * *
x2 You feel sick.
The killer bee is engulfed in noxious fumes.
The killer bee appears confused.
The bullfrog hits the killer bee.
Unknown command.
Casting: Mephitic Cloud (dangerous; 4% risk of failure)
Confirm with . or Enter, or press ? or * to list all spells.
You miscast Blink.
You are very lightly contaminated with residual magic.
Nothing appears to happen.
You hear the slow hiss of an avalanche of sand very nearby.
You die...

.....†............
##†.Y.?......#
##............#
##...†.........# .#
##.........○....#####
..###..........°○.y.....#
#..#.....c......○F...####
................zY...#
#..............@....#
##...................#
.....................#
.#...................#
......#...........####
#..#.<#...........#
.............>....#
..###..##.######### .
#..##.#


You could see an ice beast, a sky beast (confused, very poisoned), a bullfrog
(confused), a centaur (confused), a killer bee (confused) and a wight.

Vanquished Creatures
  Sigmund (D:6)
  Eustachio (D:4)
  A sky beast (D:6)
  2 black bears (D:5)
  An ice beast (D:6)
  2 ogres
  2 centaurs
  A necrophage (D:4)
  2 scorpions
  A wight (D:7)
  3 killer bees (D:7)
  An electric eel (D:3)
  A howler monkey (D:6)
  5 jellies
  A hound (D:5)
  2 orc priests
  4 iguanas
  4 orc wizards
  7 gnolls
  8 adders
  3 white imps
  2 worms
  3 dart slugs
  18 orcs
  4 endoplasms
  A giant cockroach (D:1)
  6 goblins
  9 hobgoblins
  6 quokkas
  3 ball pythons
  4 bats
  5 frilled lizards
  9 kobolds
  4 rats
127 creatures vanquished.

Vanquished Creatures (collateral kills)
  A killer bee (D:7)
  A howler monkey (D:7)
  An orc priest (D:5)
3 creatures vanquished.

Vanquished Creatures (others)
  A human (D:4)
  A sky beast (D:5)
  A killer bee (D:7)
  An electric eel (D:3)
  2 plants (D:4)
6 creatures vanquished.

Grand Total: 136 creatures vanquished

Notes
Turn   | Place    | Note
-------+----------+-------------------------------------------
     0 | D:1      | pokeman the Deep Elf Hedge Wizard began the quest for the
                  | Orb.
     0 | D:1      | Reached XP level 1. HP: 10/10 MP: 7/7
   181 | D:1      | Reached XP level 2. HP: 3/16 MP: 0/9
   790 | D:1      | Reached skill level 5 in Spellcasting
  1216 | D:2      | Reached XP level 3. HP: 20/20 MP: 11/11
  1220 | D:2      | Learned a level 3 spell: Mephitic Cloud
  1223 | D:2      | Learned a level 2 spell: Call Imp
  1226 | D:2      | Learned a level 2 spell: Blink
  1230 | D:2      | Learned a level 3 spell: Vampiric Draining
  1695 | D:2      | You fall into a shaft and drop 2 floors!
  1720 | D:4      | Reached skill level 1 in Armour
  1725 | D:4      | Reached skill level 1 in Fighting
  1846 | D:4      | Noticed Eustachio
  1929 | D:3      | Reached XP level 4. HP: 25/25 MP: 13/13
  2324 | D:3      | Found Talaogh Ygom's General Store.
  2332 | D:3      | Bought a potion of degeneration for 10 gold pieces
  2332 | D:3      | Bought a potion of curing for 30 gold pieces
  2332 | D:3      | Bought a potion of curing for 30 gold pieces
  2441 | D:3      | Identified the +1 robe of Fortitude {Dex+4}
  2485 | D:3      | Found a transporter.
  2487 | D:3      | Found a transporter.
  2547 | D:3      | Reached skill level 1 in Evocations
  2578 | D:3      | Reached skill level 6 in Spellcasting
  2632 | D:3      | Reached XP level 5. HP: 29/29 MP: 15/15
  3289 | D:4      | Reached skill level 1 in Poison Magic
  3519 | D:4      | Killed Eustachio
  3520 | D:4      | Reached skill level 7 in Spellcasting
  3520 | D:4      | Reached skill level 1 in Necromancy
  3520 | D:4      | Reached skill level 1 in Air Magic
  3520 | D:4      | Reached XP level 6. HP: 11/34 MP: 2/18
  3760 | D:4      | Found an ancient bone altar of Kikubaaqudgha.
  3760 | D:4      | Noticed a human
  3763 | D:4      | Killed a human
  4084 | D:4      | Reached XP level 7. HP: 27/38 MP: 20/20
  4242 | D:5      | Entered Level 5 of the Dungeon
  4367 | D:5      | Reached skill level 8 in Spellcasting
  4549 | D:5      | Found a staircase to the Ecumenical Temple.
  4570 | Temple   | Entered the Ecumenical Temple
  4578 | Temple   | Became a worshipper of Vehumet
  4682 | D:5      | Reached XP level 8. HP: 34/45 MP: 22/22
  4754 | D:5      | Reached skill level 9 in Spellcasting
  5484 | D:5      | Reached skill level 5 in Conjurations
  5588 | D:6      | Found Vetoker's Magic Scroll Shop.
  5594 | D:6      | Bought a scroll of noise for 10 gold pieces
  5594 | D:6      | Bought a scroll of teleportation for 30 gold pieces
  5879 | D:6      | Reached skill level 10 in Spellcasting
  6225 | D:6      | Reached * piety under Vehumet
  6225 | D:6      | Offered knowledge of Kiss of Death by Vehumet.
  6590 | D:6      | Noticed Sigmund
  6608 | D:6      | Killed Sigmund
  6609 | D:6      | Reached skill level 5 in Necromancy
  6942 | D:6      | Reached XP level 9. HP: 50/50 MP: 24/25
  7187 | D:7      | Reached skill level 11 in Spellcasting
  7194 | D:7      | Reached skill level 1 in Shields
  7197 | D:7      | HP: 1/50 [poisoned by a wight]
  7198 | D:7      | Succumbed to a wight's poison

Illustrated notes

Levels and vault maps discovered:
D:1:      spicycebolla_arrival_risky_transporter, layout_basic
D:2:      layout_loops_ring, minmay_misc_feat_pillars
D:3:      gammafunk_steamed_eel, layout_loops_cross, serial_shops, shop
D:4:      layout_basic, tgw_kikubaaqudgha, corexii_shack, uniq_eustachio
D:5:      layout_loops_cross, minmay_temple_entry_mini_moons,
          grunt_ministairs_10
D:6:      layout_loops_corners, serial_shops,
          nicolae_shop_temple_entry_statues_fountains, uniq_sigmund
D:7:      layout_rooms, gup_ossuary_entry_pyramid,
          chequers_serial_rivers_small_3
Temple:   minmay_crystal_spiral_temple

Skill      XL: |  1  2  3  4  5  6  7  8  9 |
---------------+----------------------------+-----
Spellcasting   | 5 6 7 8 10 11 | 11.1
Armour         | 1 2 |  2.1
Fighting       | 1 2 3 |  3.0
Conjurations   | 2 3 4 5 6 |  6.0
Dodging        | 3 |  3.0
Evocations     | 1 |  1.2
Poison Magic   | 1 |  1.0
Stealth        | 3 |  3.0
Necromancy     | 1 2 3 5 |  5.5
Air Magic      | 1 |  1.2
Shields        | 1 |  1.0
Summonings     | |  1.1
Translocations | |  1.1

Action                   |  1- 3 |  4- 6 |  7- 9 || total
-------------------------+-------+-------+-------++-------
Melee: Dagger            |    11 |       |       ||    11
       Staff             |       |     6 |     8 ||    14
       Punch             |       |       |     1 ||     1
 Cast: Magic Dart        |    91 |   113 |   233 ||   437
       Mephitic Cloud    |       |     9 |    16 ||    25
       Vampiric Draining |       |       |     6 ||     6
       Blink             |       |       |     3 ||     3
  Use: Potion            |       |       |     1 ||     1
 Stab: Sleeping          |     1 |       |       ||     1
       Confused          |       |     1 |     1 ||     2
Armor: Leather armour    |     3 |     4 |       ||     7
       Robe              |     2 |     3 |    17 ||    22
Dodge: Dodged            |    14 |    21 |    54 ||    89

Table legend: (Time is in decaauts)
 A = Elapsed time spent in this place.
 B = Non-inter-level travel time spent in this place.
 C = Inter-level travel time spent in this place.
 D = Time resting spent in this place.
 E = Time spent auto-exploring this place.
 F = Levels seen in this place.
 G = Mean time per level.
                   A        B        C        D        E       F      G
               +--------+--------+--------+--------+--------+-----+--------+
         Total |   7205 |   6872 |    333 |    149 |   5619 |   8 |  900.6 |
       Dungeon |   7189 |   6862 |    327 |    149 |   5619 |   7 | 1027.0 |
        Temple |     15 |      9 |      6 |      0 |      0 |   1 |   15.0 |
               +--------+--------+--------+--------+--------+-----+--------+

Top non-repeatable levels by time:
     D:6: 1542 daAuts
     D:5: 1331 daAuts
     D:4: 1272 daAuts
     D:1: 1172 daAuts
     D:3: 1066 daAuts
     D:2: 736 daAuts
     D:7: 67 daAuts
  Temple: 15 daAuts
